[Event "Titled Tuesday Blitz June 14 Late 2022"]
[White "Yuan, Qingyu"]
[Black "Holt, Conrad"]
[WhiteFideId "8609772"]
[BlackFideId "2034387"]
[WhiteElo "2359"]
[BlackElo "2586"]
[Result "0-1"]
[Round "09"]
[TimeControl "180+1"]
[Date "2022.06.14"]
[WhiteClock "0:00:27"]
[BlackClock "0:02:27"]

1. e4 e6 2. d4 d5 3. e5 c5 4. c3 Nc6 5. Nf3 Bd7 6. Be2 f6 7. O-O fxe5 8. Nxe5 Nf6 9. Bh5+ g6 10. Nxg6 hxg6 11. Bxg6+ Ke7 12. Bg5 Bh6 13. f4 Qg8 14. Qd3 c4 15. Qc2 Be8 16. Bxf6+ Kxf6 17. f5 Be3+ 18. Kh1 e5 19. dxe5+ Nxe5 20. Qe2 Rxh2+ 21. Kxh2 Qh8+ 22. Kg3 Qh6 23. Qh5 Qxh5 24. Bxh5 Bxh5 25. Na3 Rg8+ 26. Kh2 Be2 27. Nc2 Ng4+ 28. Kh3 Nf2+ 29. Kh2 Rh8+ 0-1


[Site "https://www.chess.com"]

[Event "Titled Tuesday Blitz June 14 Late 2022"]
[White "Zhou, Liran"]
[Black "Kalajzic, Ivan"]
[WhiteFideId "30931967"]
[BlackFideId "14506378"]
[WhiteElo "2626"]
[BlackElo "2163"]
[Result "1-0"]
[Round "09"]
[TimeControl "180+1"]
[Date "2022.06.15"]
[WhiteClock "0:00:11"]
[BlackClock "0:00:08"]

1. e4 Nc6 2. Nf3 d6 3. d4 g6 4. d5 Nb8 5. Nc3 Bg7 6. Bc4 e5 7. dxe6 Bxe6 8. Bxe6 fxe6 9. O-O Nc6 10. Bf4 e5 11. Be3 Qd7 12. Rb1 Nf6 13. Bg5 O-O 14. Nd5 Nxd5 15. exd5 Ne7 16. Bxe7 Qxe7 17. Nd2 Rf4 18. Qe2 Raf8 19. Ne4 a6 20. f3 h5 21. g3 R4f7 22. h4 Bh6 23. Kg2 Kg7 24. c4 b6 25. Rf2 Rf5 26. Rh1 Qf7 27. Qd3 a5 28. Rhf1 g5 29. hxg5 Bxg5 30. g4 hxg4 31. fxg4 Rxf2+ 32. Rxf2 Bf4 33. Ng5 Bxg5 34. Rxf7+ Rxf7 35. b3 Rf4 36. Kg3 Bh6 37. Qe2 Bg5 38. Qh2 e4 39. Qh5 Rf3+ 40. Kg2 Bf4 41. Qe8 Rg3+ 42. Kf1 e3 43. Qe7+ Kg6 44. Qe6+ Kg5 45. Qf5+ Kh4 46. Qh5# 1-0


[Site "https://www.chess.com"]

[Event "Titled Tuesday Blitz June 14 Late 2022"]
[White "Zierk, Steven"]
[Black "Shirov, Alexei"]
[WhiteFideId "2034255"]
[BlackFideId "2209390"]
[WhiteElo "2494"]
[BlackElo "2678"]
[Result "1-0"]
[Round "09"]
[TimeControl "180+1"]
[Date "2022.06.14"]
[WhiteClock "0:00:29"]
[BlackClock "0:00:05"]

1. d4 d5 2. c4 c6 3. Nf3 Nf6 4. e3 Bf5 5. Nc3 e6 6. Nh4 Be4 7. f3 Bg6 8. Qb3 Qc7 9. Bd2 Be7 10. Nxg6 hxg6 11. O-O-O dxc4 12. Bxc4 a6 13. g3 b5 14. Be2 c5 15. dxc5 Nbd7 16. Kb1 Nxc5 17. Qc2 O-O 18. e4 Rfc8 19. Rc1 Qb7 20. a3 Na4 21. Qb3 Nc5 22. Qa2 Rd8 23. Be3 b4 24. axb4 Qxb4 25. Rhd1 Nb3 26. Rxd8+ Rxd8 27. Rd1 a5 28. Qa4 Rc8 29. Qxb4 axb4 30. Nb5 Ne8 31. Na7 Rc7 32. e5 Bc5 33. Nb5 Bxe3 34. Nxc7 Nxc7 35. Rd8+ Kh7 36. Rd3 Nd2+ 37. Kc2 b3+ 38. Kd1 Nc4 39. Rxb3 Bd4 40. Bxc4 1-0


[Site "https://www.chess.com"]

[Event "Titled Tuesday Blitz June 14 Late 2022"]
[White "Adewumi, Tanitoluwa"]
[Black "Kim, Sergey"]
[WhiteFideId "30966396"]
[BlackFideId "13700570"]
[WhiteElo "2489"]
[BlackElo "2597"]
[Result "1-0"]
[Round "10"]
[TimeControl "180+1"]
[Date "2022.06.14"]
[WhiteClock "0:00:02"]
[BlackClock "0:00:54"]

1. e4 e5 2. Nf3 Nc6 3. Be2 g6 4. c3 Bg7 5. d4 d6 6. O-O Nge7 7. Be3 O-O 8. Nbd2 h6 9. b4 a6 10. a4 g5 11. dxe5 Nxe5 12. Nxe5 dxe5 13. Bc4 Ng6 14. Qh5 Qf6 15. Nf3 Be6 16. Bxe6 Qxe6 17. Bxg5 Nf4 18. Bxf4 exf4 19. e5 Rad8 20. Rae1 Rd3 21. Nd4 Qg6 22. Qxg6 fxg6 23. Ne6 Re8 24. Nxf4 Rxc3 25. Nxg6 Rc4 26. f4 Rxb4 27. f5 Kf7 28. h4 h5 29. e6+ Kf6 30. e7 Rxa4 31. Re6+ Kf7 32. f6 Bh6 33. Ne5+ Kxe6 34. f7 Kxe7 35. Ng6+ Kd7 36. Rd1+ 1-0


[Site "https://www.chess.com"]

[Event "Titled Tuesday Blitz June 14 Late 2022"]
[White "Aldokhin, Ivan"]
[Black "Livaic, Leon"]
[WhiteFideId "24115720"]
[BlackFideId "14531534"]
[WhiteElo "2231"]
[BlackElo "2540"]
[Result "0-1"]
[Round "10"]
[TimeControl "180+1"]
[Date "2022.06.14"]
[WhiteClock "0:00:02"]
[BlackClock "0:00:12"]

1. e4 c6 2. Nc3 d5 3. d4 dxe4 4. Nxe4 Bf5 5. Ng3 Bg6 6. h4 h6 7. Nh3 e5 8. Qe2 Qxd4 9. c3 Qd6 10. f4 Nd7 11. f5 Bh7 12. Ne4 Qc7 13. g4 h5 14. Nhg5 hxg4 15. Nxh7 Rxh7 16. Be3 Ngf6 17. Ng5 Rh8 18. O-O-O Bc5 19. Bxc5 Nxc5 20. Qe3 Ncd7 21. Bc4 Rf8 22. Rhe1 O-O-O 23. Nxf7 Rxf7 24. Bxf7 e4 25. Be6 Kb8 26. Qg5 Ne5 27. Rxd8+ Qxd8 28. Rd1 Nd3+ 29. Kc2 Qc7 30. h5 Qh2+ 31. Rd2 Qg1 32. Rxd3 exd3+ 33. Kxd3 Qd1+ 34. Kc4 b5+ 35. Kc5 Ne4+ 36. Kxc6 Nxg5 0-1


[Site "https://www.chess.com"]

[Event "Titled Tuesday Blitz June 14 Late 2022"]
[White "Al-Tarboush, Ward"]
[Black "Pace, Christopher"]
[WhiteFideId "7601450"]
[BlackFideId "2610167"]
[WhiteElo "2249"]
[BlackElo "2432"]
[Result "1-0"]
[Round "10"]
[TimeControl "180+1"]
[Date "2022.06.14"]
[WhiteClock "0:00:04"]
[BlackClock "0:00:40"]

1. e4 e5 2. Nf3 Nc6 3. Bb5 Nf6 4. O-O Nxe4 5. d4 Nd6 6. Bxc6 dxc6 7. dxe5 Nf5 8. Qxd8+ Kxd8 9. Nc3 Ke8 10. h3 h5 11. Bg5 Be7 12. Rad1 Be6 13. Rfe1 Bxg5 14. Nxg5 Rh6 15. f4 h4 16. Nce4 Bd5 17. b3 Ne7 18. c4 Bxe4 19. Rxe4 Nf5 20. e6 f6 21. Nf7 Rg6 22. Rd7 Rc8 23. c5 Rg3 24. Kf2 Rc3 25. Rc4 Rg3 26. Rc2 Ne3 27. Rcd2 Nd5 28. f5 Rc3 29. b4 Rc4 30. Nd6+ cxd6 31. cxd6 Rf4+ 32. Kg1 Ne3 33. Rxg7 Kf8 34. Rf7+ Ke8 35. d7+ Kd8 36. Rf8+ Ke7 37. Rf7+ Kd8 38. Rf8+ Ke7 39. dxc8=Q 1-0


[Site "https://www.chess.com"]

[Event "Titled Tuesday Blitz June 14 Late 2022"]
[White "Bayo Milagro, Alvaro"]
[Black "Rustemov, Alexander"]
[WhiteFideId "22275240"]
[BlackFideId "4119002"]
[WhiteElo "2270"]
[BlackElo "2766"]
[Result "0-1"]
[Round "10"]
[TimeControl "180+1"]
[Date "2022.06.14"]
[WhiteClock "0:00:20"]
[BlackClock "0:00:54"]

1. d4 f5 2. g3 Nf6 3. Bg2 g6 4. Nf3 Bg7 5. O-O d6 6. c4 O-O 7. Nc3 c6 8. Qc2 Na6 9. Rd1 Qe8 10. e4 e5 11. dxe5 dxe5 12. Bg5 Nc5 13. Bxf6 Bxf6 14. b4 Ne6 15. exf5 gxf5 16. Qxf5 e4 17. Qxe4 Bxc3 18. Rac1 Bg7 19. h4 Qf7 20. Rc2 a5 21. b5 Nc5 22. Qe3 Bg4 23. Ng5 Qf5 24. Rdd2 Rae8 25. Qa3 h6 26. f3 hxg5 27. fxg4 Re1+ 28. Kh2 Qe5 29. h5 Re3 0-1


[Site "https://www.chess.com"]

[Event "Titled Tuesday Blitz June 14 Late 2022"]
[White "Bilych, Olexiy"]
[Black "Shimanov, Aleksandr"]
[WhiteFideId "14156504"]
[BlackFideId "4198603"]
[WhiteElo "2189"]
[BlackElo "2605"]
[Result "0-1"]
[Round "10"]
[TimeControl "180+1"]
[Date "2022.06.14"]
[WhiteClock "0:00:08"]
[BlackClock "0:00:04"]

1. e4 e6 2. d4 d5 3. Nc3 Bb4 4. e5 c5 5. a3 Bxc3+ 6. bxc3 Ne7 7. Qg4 O-O 8. Bd3 Nbc6 9. Nf3 f5 10. exf6 Rxf6 11. Bg5 e5 12. Qh4 e4 13. Bxf6 gxf6 14. Qxf6 Qf8 15. Qxf8+ Kxf8 16. dxc5 exf3 17. gxf3 Bf5 18. Kd2 Rc8 19. Rab1 Rc7 20. Rhe1 Kf7 21. Re2 Bg6 22. Rbe1 Nf5 23. f4 Nh4 24. Re3 Na5 25. Kc1 Nc4 26. Re6 Ng2 27. Bxc4 dxc4 28. R1e5 Nxf4 29. Rd6 Nh3 30. Red5 Re7 31. Rd7 Nxf2 32. a4 Ne4 33. Rd8 Nxc3 34. R5d6 Nxa4 35. c6 bxc6 36. Rxc6 c3 37. Kb1 Rb7+ 38. Ka2 Bxc2 39. Rd4 Bb3+ 40. Ka3 c2 41. Rxa4 Bxa4 42. Kxa4 Rb2 43. Ka3 c1=Q 44. Rxc1 Rxh2 45. Rc7+ Kg6 46. Kb3 Rd2 47. Kc3 Rd1 48. Rxa7 h5 49. Kc2 Rd6 50. Ra8 h4 51. Rg8+ Kf5 52. Rf8+ Kg4 53. Rg8+ Kh3 54. Rh8 Kg3 55. Rg8+ Kh2 56. Rh8 h3 57. Rg8 Rd5 58. Kc1 Rd3 59. Kc2 Rg3 60. Rf8 Kg2 0-1


[Site "https://www.chess.com"]

[Event "Titled Tuesday Blitz June 14 Late 2022"]
[White "Bolanos, Fernando"]
[Black "Baches Garcia, Guillermo"]
[WhiteFideId "3304094"]
[BlackFideId "2209764"]
[WhiteElo "2048"]
[BlackElo "2489"]
[Result "1-0"]
[Round "10"]
[TimeControl "180+1"]
[Date "2022.06.15"]
[WhiteClock "0:00:06"]
[BlackClock "0:00:07"]

1. e4 c5 2. Nf3 d6 3. d4 cxd4 4. Nxd4 Nf6 5. Nc3 Nc6 6. Be3 Ng4 7. Nxc6 bxc6 8. Bf4 Qb6 9. Qd2 e5 10. Bg5 h6 11. Bh4 g5 12. Bg3 Qxb2 13. Rb1 Qa3 14. h4 Be7 15. f3 gxh4 16. Bxh4 Bxh4+ 17. Rxh4 Nf6 18. Rb3 Qc5 19. Rxh6 Rxh6 20. Qxh6 Ke7 21. Qg5 a5 22. Na4 Qxc2 23. Nb6 Be6 24. Nxa8 Bxb3 25. axb3 Qxb3 26. Nc7 a4 27. Ne8 Kxe8 28. Qxf6 a3 29. Qxd6 Qc3+ 30. Kf2 Qb2+ 31. Kg3 a2 32. Qxc6+ Kf8 33. Qc8+ Kg7 34. Qg4+ Kf8 35. Qc8+ Ke7 36. Qc7+ Kf6 37. Bc4 a1=Q 38. Qxf7+ Kg5 39. Qg7+ Kh5 40. Bf7# 1-0


[Site "https://www.chess.com"]

[Event "Titled Tuesday Blitz June 14 Late 2022"]
[White "Bortnyk, Olexandr"]
[Black "Svane, Rasmus"]
[WhiteFideId "14120828"]
[BlackFideId "4657101"]
[WhiteElo "2723"]
[BlackElo "2674"]
[Result "1-0"]
[Round "10"]
[TimeControl "180+1"]
[Date "2022.06.14"]
[WhiteClock "0:00:01"]
[BlackClock "0:00:02"]

1. d4 Nf6 2. Nc3 d5 3. Bf4 c5 4. e4 dxe4 5. dxc5 Qxd1+ 6. Rxd1 a6 7. Na4 Nbd7 8. b4 e6 9. Bc4 a5 10. Bb5 axb4 11. Ne2 Ra5 12. c4 bxc3 13. Nexc3 Nd5 14. Bd2 Nxc3 15. Nxc3 f5 16. a4 Ra8 17. c6 bxc6 18. Bxc6 Rb8 19. O-O Ke7 20. Bf4 Rb3 21. Nb5 Nf6 22. a5 Ba6 23. Nc7 Bxf1 24. Kxf1 Ra3 25. Bd6+ Kf7 26. Bxa3 Bxa3 27. a6 Bc5 28. Nb5 Rc8 29. Bb7 Rb8 30. Rc1 Bb6 31. Rc8 Rxc8 32. Bxc8 Nd5 33. a7 Bxa7 34. Nxa7 Nb6 35. Ba6 e5 36. Nc8 Nd5 37. Bc4 Ke6 38. Nb6 1-0


[Site "https://www.chess.com"]

[Event "Titled Tuesday Blitz June 14 Late 2022"]
[White "Briscoe, Chris"]
[Black "Yurasova, Daria"]
[WhiteFideId "408360"]
[BlackFideId "34146919"]
[WhiteElo "2111"]
[BlackElo "2021"]
[Result "0-1"]
[Round "10"]
[TimeControl "180+1"]
[Date "2022.06.15"]
[WhiteClock "0:00:01"]
[BlackClock "0:00:23"]

1. e4 e5 2. Nf3 Nc6 3. Bb5 a6 4. Ba4 Nf6 5. O-O b5 6. Bb3 Bc5 7. Nxe5 Nxe5 8. d4 Bxd4 9. Qxd4 d6 10. a4 Bb7 11. Bg5 h6 12. Bh4 c5 13. Qe3 c4 14. Ba2 O-O 15. f4 Ng6 16. Bxf6 Qxf6 17. Nc3 Bc6 18. Qb6 Ne7 19. axb5 axb5 20. e5 dxe5 21. fxe5 Qxe5 22. Rae1 Qg5 23. Rf2 Rfb8 24. Qc7 Rb7 25. Qd6 b4 26. Bxc4 bxc3 27. Bxf7+ Kh8 28. bxc3 Rf8 29. Ref1 Rxf7 30. Qd8+ Kh7 31. h4 Qg3 32. Qd3+ Qxd3 33. cxd3 Rxf2 34. Rxf2 Ng6 35. d4 Rb1+ 36. Kh2 Nxh4 37. c4 Ng6 38. d5 Bd7 39. c5 Rc1 40. c6 Bxc6 41. dxc6 Rxc6 42. Rd2 Rf6 43. Rc2 Ne5 44. g3 Nf3+ 45. Kg2 Nd4 46. Rb2 Nf5 47. Rb7 Rg6 48. Kf2 Nxg3 49. Rb5 Ne4+ 50. Kf3 Nd6 51. Ra5 Nf7 52. Ra7 Rf6+ 53. Kg3 Kg6 54. Kg4 Ne5+ 55. Kg3 Nf7 56. Ra5 Nd6 57. Ra8 Nf5+ 58. Kg2 h5 59. Kh3 Kg5 60. Rg8 g6 61. Rh8 Rd6 62. Rg8 Rd3+ 63. Kg2 Nh4+ 64. Kf2 Rd5 65. Ra8 Rf5+ 66. Kg1 Nf3+ 67. Kg2 Kg4 68. Ra4+ Rf4 69. Ra5 g5 70. Kh1 h4 71. Kg2 Rd4 72. Ra3 Rd2+ 73. Kf1 Kg3 74. Rxf3+ Kxf3 75. Kg1 g4 0-1


[Site "https://www.chess.com"]

[Event "Titled Tuesday Blitz June 14 Late 2022"]
[White "Burke, Paul"]
[Black "Gomez Dieguez, David"]
[WhiteFideId "2605767"]
[BlackFideId "22223630"]
[WhiteElo "1939"]
[BlackElo "2117"]
[Result "1-0"]
[Round "10"]
[TimeControl "180+1"]
[Date "2022.06.15"]
[WhiteClock "0:00:05"]
[BlackClock "0:00:01"]

1. e4 c6 2. d4 d5 3. exd5 cxd5 4. c4 Nf6 5. Nc3 Nc6 6. Nf3 a6 7. Be2 Bf5 8. O-O e6 9. c5 Be7 10. a3 Ne4 11. Be3 Nxc3 12. bxc3 O-O 13. c4 dxc4 14. Bxc4 Bf6 15. Rc1 Bg4 16. Be2 Qd5 17. h3 Bh5 18. g4 Bg6 19. Bc4 Qd7 20. d5 exd5 21. Qxd5 Rad8 22. Qxd7 Rxd7 23. Rfd1 Rfd8 24. Rxd7 Rxd7 25. g5 Bb2 26. Re1 Kf8 27. Bc1 Bxc1 28. Rxc1 Be4 29. Be2 Rd5 30. Kf1 Ke7 31. Ke1 Nd8 32. h4 Kd7 33. Nd2 Bf5 34. Bf3 Re5+ 35. Kd1 Nc6 36. Nc4 Re7 37. Nb6+ Ke8 38. Bxc6+ bxc6 39. Rc3 Bg4+ 40. Kd2 Re2+ 41. Kd3 Rxf2 42. Ke3 Rf3+ 43. Kd4 Rf4+ 44. Ke3 Rf3+ 45. Kd4 Rf5 46. Re3+ Kd8 47. Kc4 1-0


[Site "https://www.chess.com"]

[Event "Titled Tuesday Blitz June 14 Late 2022"]
[White "Chiu, Isaac"]
[Black "Keller, Peter"]
[WhiteFideId "30900654"]
[BlackFideId "1272105"]
[WhiteElo "2117"]
[BlackElo "2275"]
[Result "1-0"]
[Round "10"]
[TimeControl "180+1"]
[Date "2022.06.15"]
[WhiteClock "0:00:15"]
[BlackClock "0:00:10"]

1. d4 f5 2. c4 Nf6 3. g4 Nxg4 4. e4 d6 5. Be2 Nf6 6. exf5 Bxf5 7. Nc3 e6 8. Bf3 c6 9. Nge2 Nbd7 10. Ng3 Bg6 11. h4 d5 12. h5 Bf7 13. Qe2 Bb4 14. h6 g6 15. Bg5 Qa5 16. O-O O-O 17. c5 Qd8 18. Qe3 Ba5 19. a3 Bc7 20. b4 e5 21. Bg2 e4 22. b5 Qe8 23. bxc6 bxc6 24. Rab1 Rb8 25. Qe2 Qe6 26. Qa6 Rxb1 27. Rxb1 e3 28. Nce2 exf2+ 29. Kxf2 Ng4+ 30. Kg1 Ne3 31. Qd3 Nxg2 32. Kxg2 Qg4 33. Be7 Re8 34. Bd6 Bd8 35. Qf3 Qxf3+ 36. Kxf3 Bg5 37. Rb7 Nf6 38. Be5 Nh5 39. Nxh5 gxh5 40. Rxa7 Bxh6 41. Ng3 h4 42. Nf5 Bf8 43. Rc7 h3 44. Kg3 Re6 45. Kxh3 Rg6 46. Nh4 Be6+ 47. Kh2 Rg4 48. Nf3 Bh6 49. Rxc6 Bf5 50. Rxh6 Be4 51. Nh4 1-0


[Site "https://www.chess.com"]

[Event "Titled Tuesday Blitz June 14 Late 2022"]
[White "Colpe, Malte"]
[Black "Remolar Gallen, Jose"]
[WhiteFideId "24623075"]
[BlackFideId "2215187"]
[WhiteElo "2328"]
[BlackElo "2205"]
[Result "0-1"]
[Round "10"]
[TimeControl "180+1"]
[Date "2022.06.15"]
[WhiteClock "0:00:35"]
[BlackClock "0:00:09"]

1. e4 c5 2. Nc3 d6 3. Nf3 Nf6 4. d4 cxd4 5. Nxd4 a6 6. h3 e5 7. Nde2 h5 8. g3 Be7 9. Bg2 Be6 10. Nd5 Nxd5 11. exd5 Bf5 12. c4 Nd7 13. O-O b5 14. cxb5 axb5 15. Nc3 b4 16. Ne4 Bg6 17. h4 Nf6 18. Ng5 O-O 19. Qb3 Qb8 20. Bd2 Rc8 21. Qxb4 Bd3 22. Rfe1 Qxb4 23. Bxb4 Bc4 24. Re2 Bxe2 25. a4 Rc4 26. Ba3 Rcxa4 27. Re1 Bc4 28. Rd1 R4a5 29. Rc1 Bxd5 30. Bf1 Nd7 31. Rc7 Bxg5 32. hxg5 Nc5 33. Bb4 R5a7 34. Rxc5 dxc5 35. Bxc5 Rb7 36. b4 Be6 37. f4 Rbb8 38. Bg2 Ra1+ 39. Kf2 Ra2+ 40. Kg1 Rd8 41. Bf3 Rd3 42. Bxh5 Rxg3+ 43. Kf1 Bc4+ 44. Ke1 Ra1+ 45. Kd2 Rh3 46. Bg4 Rh2+ 47. Kc3 Be6 48. f5 Bd5 49. f6 Ra3# 0-1


[Site "https://www.chess.com"]

[Event "Titled Tuesday Blitz June 14 Late 2022"]
[White "Curtis, John"]
[Black "Zherebtsova, Alexandra"]
[WhiteFideId "3200256"]
[BlackFideId "24129518"]
[WhiteElo "2203"]
[BlackElo "2025"]
[Result "1/2-1/2"]
[Round "10"]
[TimeControl "180+1"]
[Date "2022.06.15"]
[WhiteClock "0:00:29"]
[BlackClock "0:00:03"]

1. e4 e5 2. Nf3 Nc6 3. Bb5 a6 4. Bxc6 dxc6 5. O-O Ne7 6. Nxe5 Qd4 7. Nf3 Qxe4 8. Re1 Qg6 9. Ne5 Qf5 10. d4 Be6 11. Re3 O-O-O 12. c3 h6 13. Qe1 g5 14. Nd2 g4 15. Nf1 Nd5 16. Rg3 h5 17. Ne3 Nxe3 18. Rxe3 Bd6 19. b4 h4 20. c4 Bxe5 21. Rxe5 Qd3 22. Bg5 Rxd4 23. b5 cxb5 24. cxb5 axb5 25. Bf6 Re8 26. Bxh4 Rd5 27. Re4 Qd2 28. Rxg4 Qxe1+ 29. Rxe1 Rd2 30. a3 Rh8 31. Bg5 Rxf2 32. Kxf2 Bxg4 33. Re7 Be6 34. h3 b6 35. Bf4 c5 36. Rc7+ Kd8 37. Rb7 Rh5 38. Rxb6 c4 39. g4 Rxh3 40. Rxb5 Rxa3 41. Rc5 Ra2+ 42. Kg3 Ra3+ 43. Kh4 Ke7 44. g5 Kf8 45. Be5 Ke7 46. g6 fxg6 47. Kg5 Rf3 48. Rc7+ Kd8 49. Rc5 c3 50. Bxc3 Rf5+ 51. Kxg6 Rxc5 52. Bd4 Bb3 53. Bxc5 1/2-1/2


[Site "https://www.chess.com"]

[Event "Titled Tuesday Blitz June 14 Late 2022"]
[White "De La Colina, Nicolas"]
[Black "Fidalgo, Andre Neves"]
[WhiteFideId "30946921"]
[BlackFideId "1933620"]
[WhiteElo "2046"]
[BlackElo "2023"]
[Result "0-1"]
[Round "10"]
[TimeControl "180+1"]
[Date "2022.06.15"]
[WhiteClock "0:00:10"]
[BlackClock "0:00:37"]

1. c4 Nf6 2. Nc3 g6 3. e4 d6 4. g3 Bg7 5. Bg2 O-O 6. d3 e5 7. Nge2 Nbd7 8. O-O c6 9. Rb1 a5 10. a3 h6 11. b4 axb4 12. axb4 Kh7 13. h3 Nh5 14. g4 Nf4 15. Nxf4 exf4 16. Ne2 f3 17. Bxf3 Ne5 18. Bg2 f5 19. f4 Nf7 20. gxf5 gxf5 21. Be3 Qh4 22. Bf2 Qe7 23. Ng3 Nh8 24. Qh5 Ng6 25. Be3 Qh4 26. exf5 Qxh5 27. Nxh5 Bxf5 28. Rb3 Nh4 29. Nxg7 Kxg7 30. Rf2 Kf7 31. Kh2 Nxg2 32. Rxg2 Ra1 33. Bd4 Rd1 34. Rg7+ Ke6 35. Rxb7 Bxd3 36. c5 Rg8 37. Rb2 Be4 38. Rg7 Rxg7 39. Bxg7 Rh1+ 40. Kg3 Rg1+ 41. Kh4 Rxg7 42. cxd6 Kxd6 43. Kh5 Rf7 44. Rf2 Ke6 45. h4 Kf5 46. Rf1 Rf6 47. Rf2 Bd5 0-1


[Site "https://www.chess.com"]

[Event "Titled Tuesday Blitz June 14 Late 2022"]
[White "De Souza, Cristiano Gomes"]
[Black "Kubatko, Ivan"]
[WhiteFideId "2151758"]
[BlackFideId "24111473"]
[WhiteElo "2068"]
[BlackElo "2285"]
[Result "0-1"]
[Round "10"]
[TimeControl "180+1"]
[Date "2022.06.15"]
[WhiteClock "0:00:04"]
[BlackClock "0:00:11"]

1. d4 d5 2. c4 e6 3. Nf3 c5 4. cxd5 exd5 5. Nc3 Nc6 6. g3 Nf6 7. Bg2 Be7 8. O-O O-O 9. Bg5 c4 10. Ne5 Be6 11. f4 h6 12. Bxf6 Bxf6 13. Nxc6 bxc6 14. f5 Bd7 15. e4 dxe4 16. Nxe4 Rb8 17. Rc1 Rxb2 18. Rxc4 Rxa2 19. Ra4 Rxa4 20. Qxa4 Qb6 21. Nxf6+ gxf6 22. Qc4 Re8 23. h3 a5 24. Rf4 Qb4 25. Rg4+ Kf8 26. Qxb4+ axb4 27. d5 c5 28. Rc4 Rc8 29. Be4 Ke7 30. Kf2 Kd6 31. Ke3 Bb5 32. Rc1 Ra8 33. Kf4 c4 34. g4 b3 35. h4 b2 36. Rg1 Ra1 37. Rb1 c3 38. Ke3 Ke5 39. Bc2 Kxd5 40. g5 hxg5 41. hxg5 fxg5 42. f6 Ke5 43. Kf3 Kxf6 44. Ke3 Ke5 45. Kf3 f5 46. Ke3 f4+ 47. Kf2 g4 48. Re1+ Rxe1 49. Kxe1 Kd4 50. Kf2 Bd3 0-1


[Site "https://www.chess.com"]

[Event "Titled Tuesday Blitz June 14 Late 2022"]
[White "Deac, Bogdan-Daniel"]
[Black "Bryakin, Mikhail"]
[WhiteFideId "1226380"]
[BlackFideId "4165314"]
[WhiteElo "2648"]
[BlackElo "2417"]
[Result "1-0"]
[Round "10"]
[TimeControl "180+1"]
[Date "2022.06.14"]
[WhiteClock "0:00:04"]
[BlackClock "0:00:02"]

1. d4 Nf6 2. c4 e5 3. dxe5 Ng4 4. Bf4 Nc6 5. Nf3 Bb4+ 6. Nbd2 Qe7 7. a3 Ngxe5 8. Nxe5 Bxd2+ 9. Qxd2 Nxe5 10. Qc3 d6 11. c5 O-O 12. e3 f6 13. cxd6 cxd6 14. Be2 Be6 15. O-O Rac8 16. Qd2 Rfd8 17. Rac1 Rxc1 18. Rxc1 Rc8 19. Rxc8+ Bxc8 20. e4 Be6 21. Qb4 Qc7 22. h3 b6 23. Bd2 g5 24. h4 h6 25. hxg5 hxg5 26. Bc3 Kf7 27. Qd4 Qc5 28. Qa4 Qc7 29. Bh5+ Kg7 30. Qe8 Bf7 31. Bxf7 Qxf7 32. Qd8 Qd7 33. Qa8 Qc7 34. Qd5 Qe7 35. f3 Nf7 36. g3 Ne5 37. Kg2 Nf7 38. f4 gxf4 39. gxf4 Qd7 40. Kg3 Qe7 41. Kh4 Qd7 42. Bd4 Qc8 43. Bc3 Qd7 44. Kg3 Qc8 45. a4 Qd7 46. a5 bxa5 47. Bxa5 Qa4 48. Bc3 Qa1 49. Qf5 Qg1+ 50. Kf3 Qg6 51. Qh3 Qg1 52. Qe6 Qg6 53. Kf2 Qh6 54. Qf5 Qg6 55. Qe6 Qh6 56. Ke3 Qg6 57. Qh3 Kg8 58. b4 a6 59. Kf3 d5 60. Qc8+ Kg7 61. exd5 Qd3+ 62. Kf2 Qxd5 63. Qg4+ Kf8 64. Bxf6 Qb3 65. Qc8+ 1-0


[Site "https://www.chess.com"]

[Event "Titled Tuesday Blitz June 14 Late 2022"]
[White "Djokic, Mihailo"]
[Black "Goncalves, Davi Sulzbacher"]
[WhiteFideId "976440"]
[BlackFideId "2154510"]
[WhiteElo "2255"]
[BlackElo "2107"]
[Result "0-1"]
[Round "10"]
[TimeControl "180+1"]
[Date "2022.06.14"]
[WhiteClock "0:00:01"]
[BlackClock "0:00:18"]

1. e4 c5 2. Nf3 Nc6 3. d4 cxd4 4. Nxd4 Nf6 5. Nc3 e5 6. Ndb5 d6 7. Bg5 a6 8. Bxf6 gxf6 9. Na3 f5 10. Nd5 Bg7 11. c3 O-O 12. exf5 Bxf5 13. Nc4 Be6 14. Ncb6 Rb8 15. Bc4 Na5 16. Bd3 f5 17. O-O e4 18. Bc2 Kh8 19. f3 e3 20. f4 Bxd5 21. Nxd5 Nc4 22. Qh5 Qe8 23. Qxe8 Rbxe8 24. b3 e2 25. Rfe1 Ne3 26. Nxe3 Rxe3 27. Kf2 Rfe8 28. Bxf5 Bxc3 29. Rac1 Bd4 30. Rc4 Ba7 31. g3 Rd3+ 32. Kg2 Rd1 33. Rc8 Rxc8 34. Rxe2 Rc7 35. Kh3 Kg7 36. Kg4 d5 37. h4 Rg1 38. h5 h6 39. Bg6 Rc3 40. Re7+ Kf6 41. Rf7+ Ke6 42. f5+ Kd6 43. Rf6+ Ke7 44. Re6+ Kd7 45. Be8+ Kd8 46. f6 Rgxg3+ 47. Kf5 Rgf3+ 48. Kg6 Rg3+ 49. Kxh6 Bc5 50. Bg6 Bf8+ 51. Kh7 Rc7+ 52. Kg8 Kd7 53. Re2 Bd6 54. f7 Rc8+ 55. Kg7 Bf8+ 56. Kf6 Bh6 57. Bf5+ Kc7 58. Bxc8 Kxc8 59. Re8+ Kd7 60. f8=Q Rf3+ 61. Kg6 Bxf8 0-1


[Site "https://www.chess.com"]

[Event "Titled Tuesday Blitz June 14 Late 2022"]
[White "Golubev, Mikhail"]
[Black "Seletsky, Grigory"]
[WhiteFideId "14100983"]
[BlackFideId "14112191"]
[WhiteElo "2374"]
[BlackElo "2492"]
[Result "1-0"]
[Round "10"]
[TimeControl "180+1"]
[Date "2022.06.15"]
[WhiteClock "0:00:17"]
[BlackClock "0:00:11"]

1. e4 e6 2. d4 d5 3. Nc3 Nc6 4. e5 Nge7 5. Nf3 Nf5 6. g3 b6 7. h4 h5 8. Ne2 Ba6 9. c3 Qd7 10. Bh3 Bxe2 11. Qxe2 g6 12. b4 a6 13. a4 Nd8 14. O-O Be7 15. Bg2 O-O 16. Bd2 Nb7 17. c4 c6 18. b5 axb5 19. axb5 Na5 20. bxc6 Nxc6 21. Rxa8 Rxa8 22. cxd5 Qxd5 23. Be3 Ra2 24. Qd3 Nxe3 25. Qxe3 Ra3 26. Qf4 Qc4 27. Rc1 Rc3 28. Ra1 Kg7 29. Ng5 Bxg5 30. hxg5 Na5 31. Qf6+ Kg8 32. Qd8+ Kg7 33. Qxb6 Rc1+ 34. Rxc1 Qxc1+ 35. Kh2 Nb3 36. Qxb3 Qxg5 37. Qe3 Qg4 38. Qf4 Qe2 39. Qf6+ Kg8 40. d5 exd5 41. Bxd5 1-0


[Site "https://www.chess.com"]

[Event "Titled Tuesday Blitz June 14 Late 2022"]
[White "Gurevich, Dmitry"]
[Black "Barria Zuniga, Daniel"]
[WhiteFideId "2000407"]
[BlackFideId "3400816"]
[WhiteElo "2506"]
[BlackElo "2414"]
[Result "0-1"]
[Round "10"]
[TimeControl "180+1"]
[Date "2022.06.14"]
[WhiteClock "0:00:01"]
[BlackClock "0:00:03"]

1. d4 d5 2. c4 e6 3. Nf3 Nf6 4. Nc3 dxc4 5. e3 a6 6. Bxc4 b5 7. Bd3 Bb7 8. Qe2 Nbd7 9. e4 c5 10. d5 Qc7 11. O-O Bd6 12. Re1 e5 13. a4 c4 14. Bc2 b4 15. Nd1 O-O 16. Ne3 Rfc8 17. Nd2 b3 18. Bd1 c3 19. bxc3 Qxc3 20. Rb1 Nc5 21. Bxb3 Nd3 22. Rf1 Nxc1 23. Rbxc1 Qxc1 24. Rxc1 Rxc1+ 25. Ndf1 a5 26. Bc4 Rc8 27. Bb5 Nxe4 28. Nf5 Bxd5 29. Qg4 g6 30. Ne3 Ba8 31. f3 Nf6 32. Qg5 Nd5 33. Nxd5 Bxd5 34. h4 Be6 35. Kh2 Kg7 36. h5 h6 37. Qg3 R8c5 38. hxg6 fxg6 39. Qh4 g5 40. Qh5 e4+ 41. g3 exf3 42. Qe8 R1c2+ 43. Kg1 Re5 0-1


[Site "https://www.chess.com"]

[Event "Titled Tuesday Blitz June 14 Late 2022"]
[White "Hambleton, Aman"]
[Black "Nazaretyan, Tigran"]
[WhiteFideId "2606577"]
[BlackFideId "24162345"]
[WhiteElo "2552"]
[BlackElo "2179"]
[Result "1-0"]
[Round "10"]
[TimeControl "180+1"]
[Date "2022.06.14"]
[WhiteClock "0:00:07"]
[BlackClock "0:00:54"]

1. d4 Nf6 2. Bf4 d6 3. e3 Nbd7 4. h3 e5 5. Bh2 g6 6. Nf3 Qe7 7. Be2 Bg7 8. O-O O-O 9. c4 b6 10. Nc3 Bb7 11. Re1 Ne4 12. Nd5 Qd8 13. Qc2 f5 14. dxe5 Nxe5 15. Nd4 Qe7 16. Nxe7+ Kh8 17. Nd5 Rac8 18. Ne6 Rf7 19. Nxg7 Rxg7 20. Rad1 Nd7 21. b4 h5 22. Qb2 Kh7 23. Bf3 Ng5 24. Nf6+ Nxf6 25. Bxb7 Rf8 26. Bf4 Ne6 27. Bd5 Nd8 28. Bg5 Nd7 29. f4 Nf7 30. Bxf7 Rgxf7 31. e4 a5 32. exf5 gxf5 33. a3 axb4 34. axb4 Nf6 35. Bxf6 Rxf6 36. Re7+ Kg6 37. Rd3 h4 38. Qf2 Rh8 39. Rde3 c5 40. R3e6 cxb4 41. Rxf6+ Kxf6 42. Qe3 Kg6 43. Qe6+ Kh5 44. Qxf5+ Kh6 45. Re6+ Kg7 46. Qf6+ Kg8 47. Rxd6 Rh5 48. Qg6+ Kf8 49. Qxh5 Ke7 50. Rxb6 b3 51. Rxb3 Kd6 52. Qxh4 Kc5 53. f5 Kd6 54. Qd4+ Ke7 55. Qe5+ Kf7 56. Rb7+ 1-0


[Site "https://www.chess.com"]